cohdb
Replays
Latest Replays
All Replays
Popular Replays
Top Player Replays
Match Explorer
How It Works
Community
CoH3 Stats
Reddit
Sign in to upload your games and track your stats! →
Sign in with Steam
Match 47172680
Unlisted
Match 47172680
Overview
Messages
Build Orders
End
Selects Italian Coastal Battlegroup
Selects Coastal Reserves
Coastal Reserve
Coastal Reserve
Coastal Reserve
MG 42 Bunker
Pioneer Squad
MG 42 Bunker
MG 42 Bunker
Construct Infanterie Kompanie
Selects Support Bunkers
Infanterie Officer Quarters
Selects Designated Artillery Overwatch
Designated Artillery Overwatch
MG 42 Bunker
Selects Artillery Officer
Artillery Officer
Coastal Reserve
MG 42 Bunker
MG 42 Bunker
Selects Obice da 210/22 Artillery Emplacement
Coastal Reserve
Selects Bulwark
anioki
Noidberg
Attack D Point
Sky Blues
Danppr
Sunufatarungo
苦寻成都富婆
我先撤你顶上
0
0
Comments
sign in to comment!
No comments posted yet!